 Dungeon Crawl Stone Soup version 0.29-a0-338-g1ff7896281 (webtiles) character file.

Game seed: 11500823325045159049

23 ObtusePanda the Skirmisher (level 2, -5/27 HPs)
             Began as a Hill Orc Fighter on Apr 19, 2022.
             Slain by Natasha (9 damage)
             ... on level 2 of the Dungeon.
             The game lasted 00:02:39 (759 turns).

ObtusePanda the Skirmisher (Hill Orc Fighter)        Turns: 759, Time: 00:02:39

Health: -5/27      AC:  6    Str: 18    XL:     2   Next: 95%
Magic:  2/2        EV:  9    Int:  8    God:
Gold:   70         SH:  4    Dex: 10    Spells: 1/1 levels left

rFire   . . .      SeeInvis .   a - +0 war axe
rCold   . . .      Faith    .   c - +0 buckler
rNeg    . . .      Spirit   .   b - +0 scale mail
rPois   .          Reflect  .   (no helmet)
rElec   .          Harm     .   (no cloak)
rCorr   .          Rampage  .   (no gloves)
Will    .....                   (no boots)
Stlth   ..........              (no amulet)
HPRegen 0.09/turn               (no ring)
MPRegen 0.08/turn               (no ring)

@: mighty
A: no striking features
a: no special abilities


You were on level 2 of the Dungeon.
You visited 1 branch of the dungeon, and saw 2 of its levels.

You collected 70 gold pieces.

Inventory:

Hand Weapons
 a - a +0 war axe (weapon)
Armour
 b - a +0 scale mail (worn)
 c - a +0 buckler (worn)
Jewellery
 e - a ring of see invisible
Scrolls
 g - a scroll of enchant armour {unknown}
Potions
 f - 2 potions of curing {unknown}


   Skills:
 + Level 3.9 Fighting
 * Level 3.4 Axes
 + Level 3.5 Armour
 + Level 3.5 Shields


You had one spell level left.
You didn't know any spells.
Your spell library was empty.

Dungeon Overview and Level Annotations

Branches:
Dungeon (2/15)

Altars:

Shops:
D:2 !

Annotations:
D:2 Natasha


Message History

You kill the rat!
No target in view!
There is a faded altar of an unknown god here.
You see here a +0 club.
Done exploring.
No target in view!
Done exploring.
There is a stone staircase leading down here.
You climb downwards.
There is a stone staircase leading up here.
The bat hits you but does no damage.
You hit the bat.
The bat is moderately wounded.
The bat closely misses you.
You slash the bat!
You kill the bat!
No target in view!
You see here a bat corpse.
You see here a bat corpse.
There is a stone staircase leading up here.
Found Poizeti's Distillery.
No target in view!
There is an entrance to Poizeti's Distillery here.
Natasha, Servant of Life and Death comes into view.
Natasha hisses angrily.
You hit Natasha.
Natasha is moderately wounded.
Natasha drinks a potion.
Natasha seems to grow stronger.
You barely miss Natasha.
Natasha is moderately wounded.
Natasha claws you!
You closely miss Natasha.
Natasha is moderately wounded.
Natasha howls an incantation.
Natasha's front paws start to glow.
Natasha completely misses you. Natasha claws you!
* * * LOW HITPOINT WARNING * * *
You feel very mighty all of a sudden. Natasha claws you!
You die...

### #..
#.#
##.#####
#.....∩#
#..###.###
#..#...@.#
#.<#.#.#h#
##.#.#.#.#
#†# #.#.#
#.# ..#.#
#.# ###.#
#.# .. #.#
#. #.#


You could see Natasha (strong).

Vanquished Creatures
  3 dart slugs (D:1)
  2 ball pythons (D:1)
  5 bats
  2 endoplasms (D:1)
  A goblin (D:1)
  2 hobgoblins (D:1)
  A rat (D:1)
16 creatures vanquished.

Notes
Turn   | Place    | Note
-------+----------+-------------------------------------------
     0 | D:1      | ObtusePanda the Hill Orc Fighter began the quest for the
                  | Orb.
     0 | D:1      | Reached XP level 1. HP: 19/19 MP: 1/1
    35 | D:1      | Found a faded altar of an unknown god.
   201 | D:1      | Reached XP level 2. HP: 27/27 MP: 2/2
   747 | D:2      | Found Poizeti's Distillery.
   755 | D:2      | Noticed Natasha
   759 | D:2      | Slain by Natasha

Illustrated notes

Levels and vault maps discovered:
D:1:      minmay_arrival_wavy_path, layout_basic, basic_ecumenical_altar
D:2:      layout_basic, basic_altar, serial_shops, shop, kennysheep_nub,
          uniq_jessica, uniq_natasha

Skill      XL: |  1  2 |
---------------+-------+-----
Axes           | 3 |  3.4
Fighting       | |  3.9
Armour         | |  3.5
Shields        | |  3.5

Action                   || total
-------------------------++-------
Melee: War axe           ||    39
  Use: Potion            ||     1
Armor: Scale mail        ||    16
Dodge: Dodged            ||    24
Block: Buckler           ||     7

Table legend: (Time is in decaauts)
 A = Elapsed time spent in this place.
 B = Non-inter-level travel time spent in this place.
 C = Inter-level travel time spent in this place.
 D = Time resting spent in this place.
 E = Time spent auto-exploring this place.
 F = Levels seen in this place.
 G = Mean time per level.
                   A        B        C        D        E       F      G
               +--------+--------+--------+--------+--------+-----+--------+
         Total |    773 |    773 |      0 |      0 |    543 |   2 |  386.5 |
       Dungeon |    773 |    773 |      0 |      0 |    543 |   2 |  386.5 |
               +--------+--------+--------+--------+--------+-----+--------+

Top non-repeatable levels by time:
     D:1: 750 daAuts
     D:2: 23 daAuts
